AoeStats
← juanitox3857

Arena

509951024Analyzed
2v2 RM · 3d ago on Sep 28, 2026· 46m 49s· 4 players
Game mode
Random Map
Map size
Medium (4 player)
Population
200
Speed
Normal
Resources
Standard
Victory
Conquest
Starting age
Dark Age
Ending age
Imperial Age
RankedLock teamsTeams togetherTeam positionsShared explorationLock speedFull tech treeHidden civsTurbo modeCheats
Victory
Defeat
🇨🇱 Romans · Chile
729
+16
🇨🇱 Cumans · Chile
728
+16
🇺🇸 Tupi · United States
734
-16
🇨🇴 Romans · Colombia
725
-16
ReeeeviL25
7:48 Loom
15:00 Feudal Age
15:04 Man-at-Arms
15:36 Horse Collar
16:35 Wheelbarrow
18:04 Scale Mail Armor
19:57 Double-Bit Axe
20:43 Forging
20:28 Fletching
20:37 Gold Mining
22:49 Scale Barding Armor
23:42 Bloodlines
27:54 Castle Age
26:50 Stone Mining
28:52 Chain Mail Armor
29:13 Iron Casting
28:10 Long Swordsman
28:53 Squires
28:27 Light Cavalry
32:08 Husbandry
33:55 Chain Barding Armor
33:04 Elite Skirmisher
34:14 Ballistics
35:14 Fortified Wall
35:24 Bow Saw
38:41 Bodkin Arrow
40:13 Crossbowman
43:20 Fervor
43:07 Herbal Medicine
45:24 Hand Cart
44:58 Town Watch
45:59 Gold Shaft Mining
49:02 Imperial Age
ReeeeviL
12:23 Feudal Age
13:49 Wheelbarrow
13:02 Man-at-Arms
13:39 Gold Mining
13:37 Double-Bit Axe
13:36 Horse Collar
16:55 Scale Mail Armor
16:44 Loom
19:36 Forging
22:30 Town Watch
27:29 Castle Age
27:18 Bloodlines
27:16 Scale Barding Armor
27:36 Capped Ram
28:09 Long Swordsman
29:55 Chain Mail Armor
32:57 Hand Cart
33:22 Fletching
34:53 Heavy Plow
35:19 Stone Mining
36:17 Bow Saw
36:48 Gold Shaft Mining
37:57 Padded Archer Armor
39:37 Thumb Ring
38:58 Crossbowman
39:49 Bodkin Arrow
41:23 Town Patrol
juanitox3857
10:15 Feudal Age
17:33 Castle Age
17:44 Horse Collar
17:49 Double-Bit Axe
27:13 Forging
27:03 Scale Mail Armor
33:14 Iron Casting
32:55 Chain Mail Armor
32:29 Crossbowman
32:29 Elite Skirmisher
38:20 Pikeman
crirob2016
0:28 Loom
6:45 Loom
12:04 Feudal Age
12:39 Double-Bit Axe
14:18 Gold Mining
15:36 Man-at-Arms
20:07 Horse Collar
36:06 Castle Age
34:12 Scale Mail Armor
34:22 Forging
35:07 Stone Mining
36:18 Long Swordsman
36:59 Squires
37:42 Gold Shaft Mining
37:52 Wheelbarrow
37:02 Pikeman
39:55 Hand Cart
40:10 Town Watch
41:41 Town Patrol
47:24 Imperial Age
Connection lost

Rejoining the realm…

Still unreachable

The connection could not be restored.

Session expired

The server has moved on; the page needs a fresh start.